Map: Remanso LE

Players

ackL

  • Race: Terran Terran
  • Spawn Location: 11:00

IagoAbreu - Winner!

  • Race: Zerg Zerg
  • League: Gold
  • Spawn Location: 5:00

VOD

Have the link to the VOD?

Description

Time

  • Played on: March 10, 2018, 7:27 a.m.
  • Length: 1:20
Show
View Real Time Build Order
Export as new Build Order

ackL Terran 

Build Orders:  

Get SALT Encoding   

  12  0:01  SCV  
  13  0:14  SCV  
  14  0:18  Supply Depot  
  14  0:27  SCV  
  15  0:39  SCV  
  16  0:42  Barracks  
  16  0:51  SCV  
  17  1:03  SCV, Refinery  
Show
View Real Time Build Order
Export as new Build Order

IagoAbreu Zerg - Winner!

Build Orders: Pool Only 

Get SALT Encoding   

  12  0:20  Spawning Pool  
  11  0:23  Drone  
  11  0:27  Drone  
  13  0:34  Drone  
  14  0:37  Extractor  
  13  0:44  Overlord  
  13  0:53  Overlord  
  13  1:04  Drone  
Tags
 
League
Gold
Matchup
TvZ
Opening
Pool Only
Spawn Locations
Cross Positions
Add a new tag
Caveats
  • Supply blocks, unpowered buildings, or Contaminate may cause inaccurate times.
  • Supply counts are checked every 10 seconds.